[Event "EYTCC U18 Girls 2019"]
[Site "Pardubice"]
[Date "2019.07.13"]
[Round "3.28"]
[White "Ciolacu, Alessia-Mihaela"]
[Black "Malicka, Maria"]
[Result "1/2-1/2"]
[ECO "A06"]
[WhiteElo "2199"]
[BlackElo "2115"]
[Annotator "NA"]
[PlyCount "97"]
[EventDate "2019.07.11"]
[EventType "swiss"]
[EventCountry "CZE"]
[SourceTitle "playchess.com"]
[Source "ChessBase"]
[SourceQuality "1"]
[WhiteTeam "Romania"]
[BlackTeam "Poland"]
[WhiteTeamCountry "ROU"]
[BlackTeamCountry "POL"]
[TimeControl "40/5400+30:1800+30"]

1. Nf3 d5 2. e3 Nf6 3. c4 e6 4. b3 Be7 5. Bb2 O-O 6. Be2 c5 7. cxd5 Nxd5 8. O-O Nc6 9. Nc3 Nxc3 10. Bxc3 b6 11. Rc1 Bb7 12. Qc2 Bf6 13. Rfd1 Rc8 14. Qb2 Bxc3 15. dxc3 Qe7 16. Bd3 Rfd8 17. Rd2 Na5 18. Rcd1 Bxf3 19. gxf3 Nc6 20. f4 Qh4 21. Kh1 f5 22. Bb5 Rxd2 23. Qxd2 Rd8 24. Qe2 Rxd1+ 25. Qxd1 Qd8 26. Qf3 Ne7 27. Bc4 Nd5 28. e4 fxe4 29. Qxe4 Nxc3 30. Qxe6+ Kh8 31. a4 h6 32. Kg2 Qa8+ 33. Kg1 Qd8 34. Qg6 Qd1+ 35. Kg2 Qd8 36. Kg3 Qa8 37. f3 Qd8 38. Qe6 Nb1 39. Kg4 Nd2 40. Bd5 Nf1 41. Kh3 Ne3 42. Be4 Qg8 43. Qg6 Nd5 44. Bxd5 Qxd5 45. Qe8+ Qg8 46. Qxg8+ Kxg8 47. Kg4 Kf7 48. Kf5 a6 49. Ke4 1/2-1/2

[Event "EYTCC U18 Girls 2019"]
[Site "Pardubice"]
[Date "2019.07.13"]
[Round "3.29"]
[White "Sahin, Hayrun Nisa"]
[Black "Kopcova, Ludmila"]
[Result "1-0"]
[ECO "C49"]
[WhiteElo "1772"]
[BlackElo "1980"]
[Annotator "NA"]
[PlyCount "77"]
[EventDate "2019.07.11"]
[EventType "swiss"]
[EventCountry "CZE"]
[SourceTitle "playchess.com"]
[Source "ChessBase"]
[SourceQuality "1"]
[WhiteTeam "Turkey"]
[BlackTeam "Czech Republic"]
[WhiteTeamCountry "TUR"]
[BlackTeamCountry "CZE"]
[TimeControl "40/5400+30:1800+30"]

1. e4 e5 2. Nf3 Nc6 3. Nc3 Nf6 4. Bb5 Bb4 5. O-O O-O 6. d3 Bxc3 7. bxc3 d6 8. Bg5 Qe7 9. Re1 Nd8 10. d4 Ne6 11. Bc1 Rd8 12. g3 c5 13. Bf1 h6 14. Nh4 Nf8 15. h3 N6h7 16. Qf3 Rb8 17. Nf5 Qf6 18. d5 Ng6 19. Bd3 Ne7 20. Nxe7+ Qxe7 21. Qg2 Qd7 22. Kh2 Ng5 23. Bxg5 hxg5 24. f4 gxf4 25. gxf4 exf4 26. Rg1 f6 27. Raf1 Re8 28. Bb5 Qxh3+ 29. Qxh3 Bxh3 30. Kxh3 Rxe4 31. Kg4 a6 32. Bd7 Re2 33. Rh1 g5 34. Rh6 Rf8 35. Kf5 Re5+ 36. Kg6 g4 37. Be6+ Rxe6 38. dxe6 f3 39. Rfh1 1-0

[Event "EYTCC U18 Girls 2019"]
[Site "Pardubice"]
[Date "2019.07.13"]
[Round "3.30"]
[White "Gresova, Zuzana"]
[Black "Aydin, Gulenay"]
[Result "1/2-1/2"]
[ECO "B70"]
[WhiteElo "1919"]
[BlackElo "1934"]
[Annotator "NA"]
[PlyCount "95"]
[EventDate "2019.07.11"]
[EventType "swiss"]
[EventCountry "CZE"]
[SourceTitle "playchess.com"]
[Source "ChessBase"]
[SourceQuality "1"]
[WhiteTeam "Czech Republic"]
[BlackTeam "Turkey"]
[WhiteTeamCountry "CZE"]
[BlackTeamCountry "TUR"]
[TimeControl "40/5400+30:1800+30"]

1. e4 c5 2. Nf3 d6 3. d4 cxd4 4. Nxd4 Nf6 5. Nc3 g6 6. Be2 Bg7 7. O-O O-O 8. Bg5 Nc6 9. Nb3 a6 10. Kh1 b5 11. a3 Bb7 12. f4 Rc8 13. Bf3 Nd7 14. Qe2 Nb6 15. Nd5 Nc4 16. c3 Re8 17. Rad1 f6 18. Bh4 e6 19. Ne3 Nxe3 20. Qxe3 Qc7 21. Rd3 Rcd8 22. Rfd1 Ne7 23. Nd4 Nc8 24. e5 Bxf3 25. gxf3 dxe5 26. fxe5 Qf7 27. Re1 fxe5 28. Nc6 Rxd3 29. Qxd3 Qf5 30. Qe2 Qf7 31. Bg3 Rf8 32. Kg2 Ne7 33. Nxe7+ Qxe7 34. Bxe5 Bxe5 35. Qxe5 Re8 36. Rd1 Rd8 37. Rxd8+ Qxd8 38. Qxe6+ Kf8 39. Qe3 Qd5 40. Kg3 Kg8 41. Qe8+ Kg7 42. Qe7+ Kg8 43. Qe8+ Kg7 44. Qe3 Kg8 45. f4 Qd1 46. Qf2 Qd3+ 47. Kg2 Qd5+ 48. Kg3 1/2-1/2

[Event "EYTCC U18 Girls 2019"]
[Site "Pardubice"]
[Date "2019.07.13"]
[Round "3.31"]
[White "Radeva, Viktoria"]
[Black "Urh, Zala"]
[Result "1-0"]
[ECO "C54"]
[WhiteElo "2247"]
[BlackElo "2072"]
[Annotator "NA"]
[PlyCount "55"]
[EventDate "2019.07.11"]
[EventType "swiss"]
[EventCountry "CZE"]
[SourceTitle "playchess.com"]
[Source "ChessBase"]
[SourceQuality "1"]
[WhiteTeam "Bulgaria"]
[BlackTeam "Slovenia"]
[WhiteTeamCountry "BUL"]
[BlackTeamCountry "SLO"]
[TimeControl "40/5400+30:1800+30"]

1. e4 e5 2. Nf3 Nc6 3. Bc4 Bc5 4. c3 Nf6 5. d4 exd4 6. cxd4 Bb4+ 7. Nc3 Nxe4 8. O-O Bxc3 9. d5 O-O 10. bxc3 Ne7 11. Qd4 Nd6 12. Bd3 Ng6 13. c4 b6 14. Bb2 f6 15. h4 Re8 16. Rfe1 Nf7 17. Rxe8+ Qxe8 18. Re1 Qd8 19. Ng5 Nf8 20. d6 Nxg5 21. hxg5 Bb7 22. dxc7 Qxc7 23. gxf6 Ne6 24. f7+ Kxf7 25. Rxe6 Kxe6 26. Qg4+ Ke7 27. Qxg7+ Ke8 28. Ba3 1-0

[Event "EYTCC U18 Girls 2019"]
[Site "Pardubice"]
[Date "2019.07.13"]
[Round "3.32"]
[White "Hercog, Nusa"]
[Black "Krasteva, Beloslava"]
[Result "1/2-1/2"]
[ECO "D37"]
[WhiteElo "2053"]
[BlackElo "2327"]
[Annotator "NA"]
[PlyCount "102"]
[EventDate "2019.07.11"]
[EventType "swiss"]
[EventCountry "CZE"]
[SourceTitle "playchess.com"]
[Source "ChessBase"]
[SourceQuality "1"]
[WhiteTeam "Slovenia"]
[BlackTeam "Bulgaria"]
[WhiteTeamCountry "SLO"]
[BlackTeamCountry "BUL"]
[TimeControl "40/5400+30:1800+30"]

1. d4 d5 2. c4 e6 3. Nf3 Nf6 4. Nc3 Be7 5. Bf4 O-O 6. e3 c5 7. dxc5 Bxc5 8. a3 Nc6 9. Qc2 Qa5 10. Rd1 Be7 11. Be2 dxc4 12. Bxc4 e5 13. Bg3 Bg4 14. O-O Rac8 15. Bd3 g6 16. h3 Bxf3 17. gxf3 Nh5 18. Kg2 Kh8 19. Qb3 f5 20. Nd5 f4 21. Bh2 Qc5 22. Be4 Bh4 23. Rc1 Na5 24. Qa4 Nc4 25. b4 Qd6 26. Rc2 b5 27. Qb3 Nf6 28. Nxf6 Bxf6 29. Rfc1 Bg7 30. Bg1 Rcd8 31. a4 a6 32. axb5 axb5 33. Ra1 Qf6 34. Re1 Qg5+ 35. Kh2 Nd2 36. Qe6 Nxe4 37. fxe4 f3 38. Qg4 Qf6 39. Rc5 Qb6 40. Rec1 Rf7 41. Rc6 Qb7 42. Qg5 Re8 43. Qg4 Bf8 44. Re6 Rxe6 45. Qxe6 Kg8 46. Qxe5 Qd7 47. Qd5 Qxd5 48. exd5 Bxb4 49. Kh1 Rf5 50. Rb1 Bd6 51. Bh2 Bxh2 1/2-1/2

[Event "EYTCC U18 Girls 2019"]
[Site "Pardubice"]
[Date "2019.07.13"]
[Round "3.33"]
[White "Stroganova, Karina"]
[Black "Sliwicka, Alicja"]
[Result "0-1"]
[ECO "A46"]
[WhiteElo "1875"]
[BlackElo "2261"]
[Annotator "NA"]
[PlyCount "96"]
[EventDate "2019.07.11"]
[EventType "swiss"]
[EventCountry "CZE"]
[SourceTitle "playchess.com"]
[Source "ChessBase"]
[SourceQuality "1"]
[WhiteTeam "Russia"]
[BlackTeam "Poland"]
[WhiteTeamCountry "RUS"]
[BlackTeamCountry "POL"]
[TimeControl "40/5400+30:1800+30"]

1. d4 Nf6 2. Nf3 d6 3. Bf4 g6 4. e3 Bg7 5. Be2 O-O 6. O-O b6 7. h3 Bb7 8. Nc3 Ne4 9. Nxe4 Bxe4 10. Nd2 Bb7 11. Bf3 Bxf3 12. Nxf3 Nd7 13. Bh2 e5 14. c4 e4 15. Nd2 f5 16. f3 exf3 17. Rxf3 Qe7 18. Qb3 c5 19. Raf1 Kh8 20. d5 Rae8 21. Qc2 Ne5 22. R3f2 Nf7 23. Re2 Qf6 24. b3 Qc3 25. Qxc3 Bxc3 26. Nb1 Be5 27. Nd2 Ng5 28. Bxe5+ Rxe5 29. Nf3 Nxf3+ 30. gxf3 Rfe8 31. Rfe1 Kg7 32. Kf2 Kf6 33. Kg3 a6 34. a4 b5 35. axb5 axb5 36. Kf2 Ra8 37. Rb1 b4 38. Kg3 g5 39. Kf2 Re7 40. Kg2 f4 41. e4 Ke5 42. Rd2 Rea7 43. Rbb2 Ra1 44. Kf2 R8a3 45. Rd3 Rc1 46. Ke2 Rh1 47. Kd2 Rh2+ 48. Kc1 Ra1+ 0-1

[Event "EYTCC U18 Girls 2019"]
[Site "Pardubice"]
[Date "2019.07.13"]
[Round "3.34"]
[White "Sowa, Wiktoria"]
[Black "Beliakova, Ilona"]
[Result "0-1"]
[ECO "C24"]
[WhiteElo "2108"]
[BlackElo "1759"]
[Annotator "NA"]
[PlyCount "68"]
[EventDate "2019.07.11"]
[EventType "swiss"]
[EventCountry "CZE"]
[SourceTitle "playchess.com"]
[Source "ChessBase"]
[SourceQuality "1"]
[WhiteTeam "Poland"]
[BlackTeam "Russia"]
[WhiteTeamCountry "POL"]
[BlackTeamCountry "RUS"]
[TimeControl "40/5400+30:1800+30"]

1. e4 e5 2. Bc4 Nf6 3. d3 Bc5 4. Nf3 d6 5. c3 O-O 6. O-O h6 7. Nbd2 Nc6 8. Re1 Bg4 9. h3 Bh5 10. Nf1 a6 11. a4 d5 12. exd5 Nxd5 13. g4 Bg6 14. Nxe5 Nxe5 15. Rxe5 Bxf2+ 16. Kxf2 Qf6+ 17. Qf3 Qxe5 18. Bxd5 c6 19. Bb3 c5 20. Bf4 Qf6 21. Ne3 Qb6 22. Ra3 c4 23. dxc4 Rad8 24. Kg3 Rd2 25. a5 Qc5 26. Qxb7 Re8 27. Qb6 Rxe3+ 28. Bxe3 Qe5+ 29. Kh4 Qe7+ 30. Kg3 Qe5+ 31. Kh4 Rg2 32. Qd8+ Kh7 33. Bf2 f6 34. Qd2 Qg5+ {[%emt 0:00:08] Qd1} 0-1

[Event "EYTCC U18 Girls 2019"]
[Site "Pardubice"]
[Date "2019.07.13"]
[Round "3.35"]
[White "Ferkova, Dominika"]
[Black "Tarasenka, Aliaksandra"]
[Result "1-0"]
[ECO "D07"]
[WhiteElo "2009"]
[BlackElo "2231"]
[Annotator "NA"]
[PlyCount "59"]
[EventDate "2019.07.11"]
[EventType "swiss"]
[EventCountry "CZE"]
[SourceTitle "playchess.com"]
[Source "ChessBase"]
[SourceQuality "1"]
[WhiteTeam "Slovakia"]
[BlackTeam "Belarus"]
[WhiteTeamCountry "SVK"]
[BlackTeamCountry "BLR"]
[TimeControl "40/5400+30:1800+30"]

1. d4 d5 2. c4 Nc6 3. Nf3 Bg4 4. Nc3 e6 5. cxd5 exd5 6. Bf4 Bd6 7. Bg3 Nge7 8. e3 O-O 9. Bd3 Kh8 10. Bxd6 Qxd6 11. h3 Bf5 12. O-O Rad8 13. a3 Qf6 14. b4 Nc8 15. Rc1 Rfe8 16. Na4 Bxd3 17. Qxd3 Re7 18. Nc5 Nd6 19. Qb3 b6 20. Qxd5 Nb5 21. Nd7 Rdxd7 22. Qxb5 Rd6 23. Rc2 h5 24. Rfc1 a6 25. Qxh5+ Kg8 26. Ng5 g6 27. Qh7+ Kf8 28. Rxc6 Ke8 29. Qg8+ Kd7 30. Rxc7# 1-0

[Event "EYTCC U18 Girls 2019"]
[Site "Pardubice"]
[Date "2019.07.13"]
[Round "3.36"]
[White "Zeliantsova, Kseniya"]
[Black "Sankova, Stella"]
[Result "0-1"]
[ECO "B51"]
[WhiteElo "1907"]
[BlackElo "1997"]
[Annotator "NA"]
[PlyCount "76"]
[EventDate "2019.07.11"]
[EventType "swiss"]
[EventCountry "CZE"]
[SourceTitle "playchess.com"]
[Source "ChessBase"]
[SourceQuality "1"]
[WhiteTeam "Belarus"]
[BlackTeam "Slovakia"]
[WhiteTeamCountry "BLR"]
[BlackTeamCountry "SVK"]
[TimeControl "40/5400+30:1800+30"]

1. e4 c5 2. Nf3 d6 3. Bb5+ Nd7 4. O-O a6 5. Bxd7+ Bxd7 6. d4 cxd4 7. Qxd4 Rc8 8. c4 Qc7 9. b3 e5 10. Qd3 b5 11. Nbd2 Nf6 12. Bb2 Be7 13. Rac1 Qb7 14. c5 dxc5 15. Nxe5 Be6 16. f4 O-O 17. f5 Rcd8 18. Qe2 Bc8 19. Rcd1 Qb6 20. Kh1 Rfe8 21. Nef3 Bf8 22. Ng5 h6 23. Nh3 Bb7 24. Nf2 Rd7 25. Bxf6 Qxf6 26. Ng4 Qb2 27. Qf2 Red8 28. Qg3 Kh7 29. Ne5 Bd6 30. f6 g6 31. Ndc4 bxc4 32. Rxd6 Rxd6 33. h4 Rd1 34. Rxd1 Rxd1+ 35. Kh2 Qc1 36. Qg4 Rh1+ 37. Kg3 Qe1+ 38. Kf3 Rf1# 0-1

[Event "EYTCC U18 Girls 2019"]
[Site "Pardubice"]
[Date "2019.07.13"]
[Round "3.37"]
[White "Katkov, Michelle"]
[Black "Cvitan, Ena"]
[Result "1/2-1/2"]
[ECO "B13"]
[WhiteElo "2129"]
[BlackElo "2202"]
[Annotator "NA"]
[PlyCount "62"]
[EventDate "2019.07.11"]
[EventType "swiss"]
[EventCountry "CZE"]
[SourceTitle "playchess.com"]
[Source "ChessBase"]
[SourceQuality "1"]
[WhiteTeam "Israel"]
[BlackTeam "Croatia"]
[WhiteTeamCountry "ISR"]
[BlackTeamCountry "CRO"]
[TimeControl "40/5400+30:1800+30"]

1. e4 c6 2. d4 d5 3. exd5 cxd5 4. c4 Nf6 5. Nc3 Nc6 6. cxd5 Nxd5 7. Bc4 Be6 8. Bb3 g6 9. Nf3 Bg7 10. O-O O-O 11. Re1 Rc8 12. Bg5 h6 13. Bh4 Qa5 14. Bxd5 Bxd5 15. Bxe7 Bxf3 16. Qxf3 Rfe8 17. Bf6 Nxd4 18. Bxd4 Bxd4 19. Qxb7 Bxc3 20. Rxe8+ Rxe8 21. bxc3 Qxc3 22. Rf1 Qd4 23. Qf3 h5 24. Rd1 Qd2 25. h4 Re1+ 26. Rxe1 Qxe1+ 27. Kh2 Qe5+ 28. g3 Qd4 29. Kg2 Kg7 30. Qc6 a5 31. a4 Qe5 1/2-1/2

[Event "EYTCC U18 Girls 2019"]
[Site "Pardubice"]
[Date "2019.07.13"]
[Round "3.38"]
[White "Koksa, Jelena"]
[Black "Levitan, Ronit"]
[Result "0-1"]
[ECO "C44"]
[WhiteElo "1781"]
[BlackElo "2022"]
[Annotator "NA"]
[PlyCount "102"]
[EventDate "2019.07.11"]
[EventType "swiss"]
[EventCountry "CZE"]
[SourceTitle "playchess.com"]
[Source "ChessBase"]
[SourceQuality "1"]
[WhiteTeam "Croatia"]
[BlackTeam "Israel"]
[WhiteTeamCountry "CRO"]
[BlackTeamCountry "ISR"]
[TimeControl "40/5400+30:1800+30"]

1. e4 e5 2. Nf3 Nc6 3. d4 exd4 4. Nxd4 Nf6 5. Nxc6 bxc6 6. Bd3 Bc5 7. e5 Nd5 8. Qg4 g6 9. Bh6 d6 10. Qa4 Bd7 11. exd6 cxd6 12. O-O Qf6 13. Nc3 Nb6 14. Qe4+ Kd8 15. h4 d5 16. Qf4 Qxf4 17. Bxf4 a5 18. Be5 Re8 19. Rfe1 Kc8 20. Bf6 Kb7 21. Ne2 Re6 22. Bd4 Be7 23. Bxb6 Kxb6 24. h5 Bf6 25. hxg6 hxg6 26. Nf4 Rxe1+ 27. Rxe1 a4 28. c4 dxc4 29. Bxc4 Re8 30. Rxe8 Bxe8 31. b3 a3 32. Nd3 Bd4 33. Kf1 g5 34. Ke2 f6 35. f3 Bg6 36. Nc1 Kc5 37. Nd3+ Kd6 38. Kd2 Bf5 39. g4 Bg6 40. Nc1 Be5 41. Nd3 Bh7 42. b4 f5 43. Nxe5 Kxe5 44. gxf5 Bxf5 45. Ke3 Bc2 46. b5 cxb5 47. Bxb5 Bb3 48. Kd3 Bxa2 49. Kc2 Bd5 50. Be2 Kf4 51. Bd1 Bxf3 0-1

[Event "EYTCC U18 Girls 2019"]
[Site "Pardubice"]
[Date "2019.07.13"]
[Round "3.39"]
[White "Pribylova, Sofie"]
[Black "Kuhar, Larisa"]
[Result "0-1"]
[ECO "A43"]
[WhiteElo "2093"]
[BlackElo "1894"]
[Annotator "NA"]
[PlyCount "82"]
[EventDate "2019.07.11"]
[EventType "swiss"]
[EventCountry "CZE"]
[SourceTitle "playchess.com"]
[Source "ChessBase"]
[SourceQuality "1"]
[WhiteTeam "Czech Republic"]
[BlackTeam "Slovenia"]
[WhiteTeamCountry "CZE"]
[BlackTeamCountry "SLO"]
[TimeControl "40/5400+30:1800+30"]

1. d4 Nf6 2. Nf3 c5 3. d5 b5 4. Bg5 Ne4 5. Bh4 Bb7 6. a4 Qa5+ 7. Nbd2 Bxd5 8. axb5 Qc7 9. c4 Bb7 10. Ra3 d6 11. Qa1 Qb6 12. Nxe4 Bxe4 13. Nd2 Bb7 14. e4 h6 15. Be2 Nd7 16. O-O g5 17. Bg3 Bg7 18. f4 Nf6 19. Qb1 Nh7 20. Bd3 gxf4 21. Rxf4 Ng5 22. Qf1 Be5 23. Rg4 Bxb2 24. Ra2 Bd4+ 25. Bf2 Bf6 26. Bh4 Bc8 27. Rf4 Be5 28. Bxg5 hxg5 29. Rf3 g4 30. Rf4 Bxf4 31. Qxf4 Be6 32. Ra6 Qc7 33. Nb3 Bc8 34. Ra1 a6 35. Rf1 Be6 36. e5 axb5 37. exd6 Qxd6 38. Qe3 bxc4 39. Be4 Ra3 40. Qxc5 Rxb3 41. Bc6+ Kf8 0-1

[Event "EYTCC U18 Girls 2019"]
[Site "Pardubice"]
[Date "2019.07.13"]
[Round "3.40"]
[White "Kralj, Nika"]
[Black "Nemcova, Karin"]
[Result "1/2-1/2"]
[ECO "B34"]
[WhiteElo "1807"]
[BlackElo "1956"]
[Annotator "NA"]
[PlyCount "69"]
[EventDate "2019.07.11"]
[EventType "swiss"]
[EventCountry "CZE"]
[SourceTitle "playchess.com"]
[Source "ChessBase"]
[SourceQuality "1"]
[WhiteTeam "Slovenia"]
[BlackTeam "Czech Republic"]
[WhiteTeamCountry "SLO"]
[BlackTeamCountry "CZE"]
[TimeControl "40/5400+30:1800+30"]

1. e4 c5 2. Nf3 Nc6 3. Nc3 g6 4. d4 cxd4 5. Nxd4 Bg7 6. Nb3 Nf6 7. Be2 O-O 8. O-O d6 9. Bg5 a5 10. a4 Be6 11. Kh1 Nd7 12. f4 Nb6 13. f5 Bc4 14. Bxc4 Nxc4 15. Nd5 h6 16. f6 hxg5 17. fxg7 Kxg7 18. Qd3 N4e5 19. Qe3 g4 20. Nd4 Rh8 21. c3 Nxd4 22. cxd4 Nc6 23. Qf4 Rf8 24. Rad1 Nxd4 25. Nxe7 Qxe7 26. Rxd4 Rae8 27. Qxg4 Qe5 28. Qd1 Rh8 29. h3 Rh4 30. Qb3 Re7 31. Rd5 Qxe4 32. Rxd6 Qc4 33. Qf3 Rhe4 34. Qf6+ Kg8 35. Rd8+ 1/2-1/2

[Event "EYTCC U18 Girls 2019"]
[Site "Pardubice"]
[Date "2019.07.13"]
[Round "3.41"]
[White "Koubova, Anna Marie"]
[Black "Jaufarally, Nadia"]
[Result "0-1"]
[ECO "E62"]
[WhiteElo "2094"]
[BlackElo "1944"]
[Annotator "NA"]
[PlyCount "48"]
[EventDate "2019.07.11"]
[EventType "swiss"]
[EventCountry "CZE"]
[SourceTitle "playchess.com"]
[Source "ChessBase"]
[SourceQuality "1"]
[WhiteTeam "Czech Republic"]
[BlackTeam "England"]
[WhiteTeamCountry "CZE"]
[BlackTeamCountry "ENG"]
[TimeControl "40/5400+30:1800+30"]

1. d4 Nf6 2. c4 g6 3. g3 Bg7 4. Bg2 O-O 5. Nc3 d6 6. Nf3 Nc6 7. O-O e5 8. d5 Nb8 9. e4 a5 10. Ne1 Na6 11. Nd3 Nd7 12. Be3 Ndc5 13. f4 exf4 14. gxf4 Nxd3 15. Qxd3 f5 16. Bd4 Nb4 17. Qd2 Bxd4+ 18. Qxd4 Nc2 19. Qf2 Nxa1 20. e5 dxe5 21. fxe5 Qg5 22. e6 Qg4 23. Ne4 Bxe6 24. h3 fxe4 0-1

[Event "EYTCC U18 Girls 2019"]
[Site "Pardubice"]
[Date "2019.07.13"]
[Round "3.42"]
[White "Rahulan, Thivyaa"]
[Black "Lhotska, Anna"]
[Result "0-1"]
[ECO "B90"]
[WhiteElo "1878"]
[BlackElo "1922"]
[Annotator "NA"]
[PlyCount "88"]
[EventDate "2019.07.11"]
[EventType "swiss"]
[EventCountry "CZE"]
[SourceTitle "playchess.com"]
[Source "ChessBase"]
[SourceQuality "1"]
[WhiteTeam "England"]
[BlackTeam "Czech Republic"]
[WhiteTeamCountry "ENG"]
[BlackTeamCountry "CZE"]
[TimeControl "40/5400+30:1800+30"]

1. e4 c5 2. Nf3 d6 3. d4 cxd4 4. Nxd4 Nf6 5. Nc3 a6 6. f3 e5 7. Nb3 Be7 8. Be3 Be6 9. Qd2 Nbd7 10. O-O-O b5 11. g4 Nb6 12. g5 Nfd7 13. Na5 Qc7 14. Nd5 Nxd5 15. exd5 Bf5 16. Nc6 Rc8 17. Bd3 Bg6 18. h4 Nb8 19. Nxb8 Rxb8 20. h5 Bxd3 21. Qxd3 Rc8 22. Kb1 Qd7 23. Rdg1 f6 24. gxf6 Bxf6 25. Rg2 Qf7 26. Qf5 Qd7 27. Qd3 Rc4 28. b3 Rh4 29. Rxh4 Bxh4 30. Qe4 Bf6 31. Bg5 O-O 32. h6 g6 33. Qe3 Bxg5 34. Qxg5 Rxf3 35. Qh5 Qf5 36. Qh4 Qf6 37. Qg4 Rf1+ 38. Kb2 e4+ 39. c3 Qf5 40. Qe2 Rf3 41. Qd2 e3 42. Qd4 Qf6 43. Qxf6 Rxf6 44. Kc1 Rf1+ 0-1

[Event "EYTCC U18 Girls 2019"]
[Site "Pardubice"]
[Date "2019.07.14"]
[Round "4.25"]
[White "Salimova, Nurgyul"]
[Black "Sahin, Hayrun Nisa"]
[Result "1-0"]
[ECO "B76"]
[WhiteElo "2416"]
[BlackElo "1772"]
[Annotator "NA"]
[PlyCount "73"]
[EventDate "2019.07.11"]
[EventType "swiss"]
[EventCountry "CZE"]
[SourceTitle "playchess.com"]
[Source "ChessBase"]
[SourceQuality "1"]
[WhiteTeam "Bulgaria"]
[BlackTeam "Turkey"]
[WhiteTeamCountry "BUL"]
[BlackTeamCountry "TUR"]
[TimeControl "40/5400+30:1800+30"]

1. e4 c5 2. Nf3 d6 3. d4 cxd4 4. Nxd4 Nf6 5. Nc3 g6 6. Be3 Bg7 7. f3 O-O 8. Qd2 Bd7 9. g4 Nc6 10. h4 Rc8 11. h5 Ne5 12. O-O-O Qa5 13. Nb3 Qc7 14. Be2 a5 15. h6 Bh8 16. g5 a4 17. gxf6 axb3 18. fxe7 Rfe8 19. cxb3 Qa5 20. Kb1 Ra8 21. a3 Nc6 22. Nd5 Be6 23. Qxa5 Rxa5 24. Bb6 Rxd5 25. exd5 Bf5+ 26. Ka2 Rxe7 27. Bb5 Ne5 28. Bd8 Kf8 29. Bxe7+ Kxe7 30. Rhe1 g5 31. Bd3 Kf6 32. Be4 Bxe4 33. Rxe4 Kf5 34. Rb4 Nxf3 35. Rxb7 g4 36. Rxf7+ Kg6 37. Rxf3 1-0

[Event "EYTCC U18 Girls 2019"]
[Site "Pardubice"]
[Date "2019.07.14"]
[Round "4.26"]
[White "Aydin, Gulenay"]
[Black "Antova, Gabriela"]
[Result "0-1"]
[ECO "B90"]
[WhiteElo "1934"]
[BlackElo "2257"]
[Annotator "NA"]
[PlyCount "96"]
[EventDate "2019.07.11"]
[EventType "swiss"]
[EventCountry "CZE"]
[SourceTitle "playchess.com"]
[Source "ChessBase"]
[SourceQuality "1"]
[WhiteTeam "Turkey"]
[BlackTeam "Bulgaria"]
[WhiteTeamCountry "TUR"]
[BlackTeamCountry "BUL"]
[TimeControl "40/5400+30:1800+30"]

1. e4 c5 2. Nf3 d6 3. d4 cxd4 4. Nxd4 Nf6 5. Nc3 a6 6. f3 e6 7. Be3 b5 8. Qd2 Nbd7 9. g4 b4 10. Na4 h6 11. O-O-O Ne5 12. Qxb4 Bd7 13. Bf4 Ng6 14. Be3 Rb8 15. Qa3 Qa5 16. Nc3 Qxa3 17. bxa3 d5 18. exd5 Bxa3+ 19. Kd2 Bb4 20. dxe6 fxe6 21. Bd3 Ne5 22. Rb1 Nd5 23. Rxb4 Nxb4 24. Bf4 Nbxd3 25. cxd3 Rb2+ 26. Ke3 Nc6 27. Nxc6 Bxc6 28. Ne4 O-O 29. h4 Rxa2 30. g5 h5 31. Rc1 Bxe4 32. fxe4 Ra5 33. Bd6 Rd8 34. e5 Kh7 35. g6+ Kxg6 36. Rg1+ Kh7 37. Bc7 Rdd5 38. Bxa5 Rxe5+ 39. Kd4 Rxa5 40. Re1 Ra4+ 41. Kc5 Rxh4 42. Rxe6 Rh1 43. Rxa6 h4 44. d4 h3 45. Ra3 g5 46. Kd5 Kg6 47. Ra2 g4 48. Ra8 Kg5 0-1

[Event "EYTCC U18 Girls 2019"]
[Site "Pardubice"]
[Date "2019.07.14"]
[Round "4.27"]
[White "Muetsch, Annmarie"]
[Black "Radeva, Viktoria"]
[Result "1/2-1/2"]
[ECO "C07"]
[WhiteElo "2266"]
[BlackElo "2247"]
[Annotator "NA"]
[PlyCount "96"]
[EventDate "2019.07.11"]
[EventType "swiss"]
[EventCountry "CZE"]
[SourceTitle "playchess.com"]
[Source "ChessBase"]
[SourceQuality "1"]
[WhiteTeam "Germany"]
[BlackTeam "Bulgaria"]
[WhiteTeamCountry "GER"]
[BlackTeamCountry "BUL"]
[TimeControl "40/5400+30:1800+30"]

1. e4 e6 2. d4 d5 3. Nd2 c5 4. exd5 Qxd5 5. Ngf3 cxd4 6. Bc4 Qd6 7. O-O Nf6 8. Nb3 Nc6 9. Nbxd4 Nxd4 10. Nxd4 Be7 11. c3 O-O 12. Qf3 Qc7 13. Bb3 Bd7 14. Bg5 h6 15. Bh4 Rfe8 16. Rfe1 Rad8 17. h3 Bc8 18. Rad1 a6 19. Bc2 Nd5 20. Bxe7 Rxe7 21. Bb3 Nf6 22. Qe3 e5 23. Nf3 Rde8 24. Nd2 Be6 25. Ne4 Nxe4 26. Qxe4 Bxb3 27. axb3 Rd8 28. Rd5 Rxd5 29. Qxd5 Kh7 30. b4 f6 31. Rd1 e4 32. Qf5+ Kh8 33. Qd5 Kh7 34. Qf5+ Kg8 35. Qd5+ Kf8 36. Rd4 Re5 37. Qd7 Qxd7 38. Rxd7 Re7 39. Rd8+ Kf7 40. Kf1 Ke6 41. Ke2 Ke5 42. Rd4 Rc7 43. g3 f5 44. Rd8 Re7 45. Rd4 Rc7 46. Rd8 Re7 47. Rd4 Rc7 48. Rd8 Re7 1/2-1/2

[Event "EYTCC U18 Girls 2019"]
[Site "Pardubice"]
[Date "2019.07.14"]
[Round "4.28"]
[White "Krasteva, Beloslava"]
[Black "Schneider, Jana"]
[Result "0-1"]
[ECO "E48"]
[WhiteElo "2327"]
[BlackElo "2216"]
[Annotator "NA"]
[PlyCount "46"]
[EventDate "2019.07.11"]
[EventType "swiss"]
[EventCountry "CZE"]
[SourceTitle "playchess.com"]
[Source "ChessBase"]
[SourceQuality "1"]
[WhiteTeam "Bulgaria"]
[BlackTeam "Germany"]
[WhiteTeamCountry "BUL"]
[BlackTeamCountry "GER"]
[TimeControl "40/5400+30:1800+30"]

1. d4 Nf6 2. c4 e6 3. Nc3 Bb4 4. e3 O-O 5. Bd3 d5 6. cxd5 exd5 7. Nge2 Re8 8. Bd2 c5 9. a3 Bxc3 10. Bxc3 c4 11. Bc2 Bg4 12. O-O Nc6 13. b3 Na5 14. Bxa5 Qxa5 15. bxc4 dxc4 16. f3 Nd5 17. fxg4 Nxe3 18. Qc1 Qd5 19. Rf2 Nxg4 20. Rf4 Rxe2 21. Rxg4 h5 22. Rg3 Qxd4+ 23. Kh1 Rxc2 0-1

[Event "EYTCC U18 Girls 2019"]
[Site "Pardubice"]
[Date "2019.07.14"]
[Round "4.29"]
[White "Kucharska, Honorata"]
[Black "Ferkova, Dominika"]
[Result "1/2-1/2"]
[ECO "B12"]
[WhiteElo "2054"]
[BlackElo "2009"]
[Annotator "NA"]
[PlyCount "66"]
[EventDate "2019.07.11"]
[EventType "swiss"]
[EventCountry "CZE"]
[SourceTitle "playchess.com"]
[Source "ChessBase"]
[SourceQuality "1"]
[WhiteTeam "Poland"]
[BlackTeam "Slovakia"]
[WhiteTeamCountry "POL"]
[BlackTeamCountry "SVK"]
[TimeControl "40/5400+30:1800+30"]

1. e4 c6 2. d4 d5 3. e5 Bf5 4. h4 h5 5. Bd3 Bxd3 6. Qxd3 Qa5+ 7. c3 e6 8. Ne2 Qa6 9. Qf3 c5 10. O-O Nc6 11. Nd2 cxd4 12. cxd4 Nge7 13. Nb3 Nf5 14. Bg5 Be7 15. Bxe7 Ncxe7 16. g3 Nc6 17. Rfd1 Qb6 18. Rac1 Rc8 19. Rc3 g6 20. Qf4 Qd8 21. Rdc1 O-O 22. Qd2 Qd7 23. a3 b6 24. Qd3 Nce7 25. Nd2 Rxc3 26. Nxc3 Nc6 27. Ne2 Rc8 28. b4 a5 29. b5 Nce7 30. Rxc8+ Qxc8 31. Nc3 Qc7 32. Kg2 Nc8 33. Ne2 Nce7 1/2-1/2